 Dungeon Crawl Stone Soup version 0.29-a0-878-g7b45a56547 (webtiles) character file.

Game seed: 16606509110268545122

1253 xian the Stinger (level 8, -7/62 HPs)
             Began as a White Draconian Venom Mage on July 20, 2022.
             Killed from afar by a steam dragon (9 damage)
             ... with a ball of steam
             ... on level 6 of the Dungeon.
             The game lasted 00:18:25 (5462 turns).

xian the Stinger (White Draconian Venom Mage)       Turns: 5462, Time: 00:18:25

Health: -7/62      AC:  7    Str: 14    XL:     8   Next: 26%
Magic:  7/12       EV: 13    Int: 15    God:
Gold:   317        SH:  0    Dex: 15    Spells: 7/15 levels left

rFire   . . .      SeeInvis +   p - +1 trident (protect)
rCold   + . .      Faith    .   (no shield)
rNeg    . . .      Spirit   .   (body armour unavailable)
rPois   .          Reflect  .   (helmet restricted)
rElec   .          Harm     .   (no cloak)
rCorr   .          Rampage  .   (no gloves)
Will    .....                   c - +0 pair of boots
Stlth   ++........              (no amulet)
HPRegen 0.20/turn               g - ring of see invisible
MPRegen 0.13/turn               (no ring)

@: attractive, flying
A: breathe frost, AC +6, unfitting armour, cold resistance 1, cold-blooded,
agile 1, low MP 1, strong 1, evolution 1
a: Breathe Frost


You were on level 6 of the Dungeon.
You visited 1 branch of the dungeon, and saw 6 of its levels.

You collected 317 gold pieces.

Inventory:

Hand Weapons
 p - a +1 trident of protection (weapon)
Missiles
 k - 11 poisoned darts
 v - 6 atropa-tipped darts
Armour
 c - a +0 pair of boots (worn)
Jewellery
 g - a ring of see invisible (left hand)
Wands
 j - a wand of charming (16)
 u - a wand of roots (14)
Scrolls
 b - a scroll of identify
 e - 3 scrolls of enchant weapon
 f - 2 scrolls of fog
 i - a scroll of immolation
 l - a scroll of fear
 q - a scroll of summoning
 r - 2 scrolls of teleportation {unknown}
 s - a scroll of magic mapping {unknown}
Potions
 a - 3 potions of magic
 d - a potion of resistance {unknown}
 h - a potion of curing {unknown}
 m - a potion of brilliance


   Skills:
 + Level 2.4 Fighting
 + Level 2.7(3.4) Axes
 + Level 3.0(3.6) Polearms
 + Level 3.4 Dodging
 + Level 2.8 Stealth
 + Level 4.2 Spellcasting
 + Level 2.5 Transmutations
 + Level 3.4 Air Magic
 + Level 5.1 Poison Magic


You had 7 spell levels left.
You knew the following spells:

 Your Spells              Type           Power      Damage    Failure   Level
a - Sting                 Tmut/Pois      56%        1d5       3%          1
b - Poisonous Vapours     Pois/Air       32%        N/A       4%          2
c - Mephitic Cloud        Conj/Pois/Air  11%        N/A       16%         3
d - Passwall              Tmut/Erth      5%         N/A       16%         2

Your spell library contained the following spells:

 Spells                   Type           Power      Damage    Failure   Level
 Freeze                   Ice            12%        1d4       19%         1
 Sandblast                Erth           6%         2d5       19%         1
 Olgreb's Toxic Radiance  Pois           18%        N/A       22%         4
 Dazzling Flash           Conj/Hex       6%         N/A       47%         3
 Frozen Ramparts          Ice            6%         1d2       47%         3
 Stone Arrow              Conj/Erth      6%         3d7       47%         3
 Hailstorm                Conj/Ice       3%         3d3       87%         4
 Silence                  Hex/Air        4%         N/A       94%         5
 Agony                    Necr           3%         N/A       99%         5


Dungeon Overview and Level Annotations

Branches:
Dungeon (6/15)
 Temple: D:4-7

Altars:
Dithmenos
Makhleb
Qazlal
Yredelemnul


Innate Abilities, Weirdness & Mutations

You can breathe waves of freezing cold which knock back foes.
Your icy white scales are hard. (AC +6)
You cannot fit into any form of body armour.
Your flesh is cold resistant. (rC+)
You are cold-blooded and may be slowed by cold attacks.
You are agile. (Dex +4, Str/Int -1)
Your magical capacity is low. (-10% MP)
Your muscles are strong. (Str +4, Int/Dex -1)
You have hidden genetic potential.


Message History

Aim: a steam dragon (moderately wounded, poisoned, chance to affect: 81%) That beam is likely to hit you.
Continue anyway?
Okay, then.
Casting: Mephitic Cloud (dangerous; 14% risk of failure)
Confirm with . or Enter, or press ? or * to list all spells.
Aiming: Poisonous Vapours (safe; 4% risk of failure)
Press: ? - help, Dir - move target, f/p - steam dragon
Aim: a steam dragon (moderately wounded, poisoned) Poisonous vapours surround the steam dragon!
The steam dragon looks even sicker.
The steam dragon barely misses you.
The steam dragon claws you but does no damage.
Unknown command.
You barely miss the steam dragon.
The steam dragon is heavily wounded.
The steam dragon bites you.
* * * LOW HITPOINT WARNING * * *
The steam dragon barely misses you.
You hit the steam dragon.
Your tail-slap misses the steam dragon.
The steam dragon is heavily wounded.
The steam dragon breathes steam at you. The ball of steam hits you!
* * * LOW HITPOINT WARNING * * *
You feel a bit more experienced. The steam dragon bites you.
* * * LOW HITPOINT WARNING * * *
The steam dragon barely misses you.
It was a potion of mutation.
You feel extremely strange.
You feel a hidden potential growing inside you.
You feel agile.
You feel less energetic.
You feel stronger. The steam dragon closely misses you.
The steam dragon claws you but does no damage.
Okay, then.
It was a potion of attraction.
You feel attractive to monsters. The steam dragon barely misses you. x2
It was a potion of flight.
You feel very buoyant.
You fly up into the air.
The steam dragon breathes steam at you. The ball of steam hits you!
You die...

...#. #.##.....
#..#.≈≈≈≈≈ ##.#≈.≈≈≈≈≈≈≈
≈≈≈ ##≈≈≈≈≈≈§≈≈≈.≈≈≈..
... #≈≈.#≈≈§#≈≈≈#≈≈≈#
...
##≈.###.###.###.####...
#...)#...#...#...#...#
###....D@..............#
+.'....................#
+.#...................#
# #...................#
#
#≈...#...#...#...#..###
#≈≈≈###.###.###.####.##
##.≈≈#≈≈≈#≈≈≈#≈≈≈#.#...
##.≈≈≈≈≈.≈≈≈.≈≈≈≈.###.
#.P≈≈≈≈≈≈≈≈≈≈≈P..# ##


You could see a steam dragon (very poisoned, catching breath).

Vanquished Creatures
  A steam dragon (D:5)
  Menkaure (D:4)
  An ogre (D:5)
  A black bear (D:4)
  A centaur (D:6)
  A phantom (D:4)
  A necrophage (D:5)
  3 scorpions
  An electric eel (D:6)
  4 hounds
  A gnoll bouda (D:6)
  2 iguanas
  3 gnolls (D:6)
  11 adders
  A white imp (D:6)
  An ufetubus (D:5)
  A worm (D:4)
  A dart slug (D:5)
  8 orcs
  4 bats
  2 endoplasms (D:2)
  3 giant cockroaches
  4 goblins
  5 hobgoblins
  4 quokkas
  5 ball pythons
  A frilled lizard (D:1)
  6 kobolds
  2 rats (D:2)
80 creatures vanquished.

Vanquished Creatures (others)
  6 fungi (D:5)
  A plant (D:6)
7 creatures vanquished.

Grand Total: 87 creatures vanquished

Notes
Turn   | Place    | Note
-------+----------+-------------------------------------------
     0 | D:1      | xian the Draconian Venom Mage began the quest for the Orb.
     0 | D:1      | Reached XP level 1. HP: 14/14 MP: 3/3
   454 | D:1      | Reached XP level 2. HP: 20/20 MP: 3/5
  1078 | D:2      | Reached XP level 3. HP: 17/26 MP: 1/6
  1085 | D:2      | Learned a level 2 spell: Poisonous Vapours
  1091 | D:2      | Learned a level 3 spell: Mephitic Cloud
  1345 | D:2      | Found a faded altar of an unknown god.
  1701 | D:3      | HP: 1/26 [poisoned by an adder]
  2015 | D:3      | Reached skill level 1 in Axes
  2015 | D:3      | Reached XP level 4. HP: 30/33 MP: 7/7
  2386 | D:3      | Found a basalt altar of Yredelemnul.
  2740 | D:3      | Reached XP level 5. HP: 35/38 MP: 6/8
  3113 | D:4      | Noticed Menkaure
  3113 | D:4      | Noticed a phantom
  3138 | D:4      | You fall into a shaft and drop 1 floor!
  3138 | D:5      | Entered Level 5 of the Dungeon
  3234 | D:5      | Reached skill level 1 in Air Magic
  3316 | D:5      | Reached XP level 6. HP: 45/46 MP: 6/10
  3455 | D:5      | Reached skill level 4 in Poison Magic
  3619 | D:5      | Reached skill level 1 in Fighting
  3706 | D:5      | Learned a level 2 spell: Passwall
  3840 | D:5      | Noticed a steam dragon
  3842 | D:5      | Noticed a steam dragon
  3853 | D:5      | Killed a steam dragon
  3854 | D:5      | Reached skill level 1 in Polearms
  3854 | D:5      | Your scales start taking on an icy white colour.
  3854 | D:5      | Reached XP level 7. HP: 15/52 MP: 4/12
  3854 | D:5      | Gained mutation: Your flesh is cold resistant. (rC+) [White
                  | Draconian growth]
  4722 | D:4      | Killed Menkaure
  4723 | D:4      | Reached XP level 8. HP: 36/61 MP: 12/14
  5047 | D:4      | Found a burning altar of Makhleb.
  5056 | D:4      | Found a shadowy altar of Dithmenos.
  5089 | D:4      | Found a stormy altar of Qazlal.
  5212 | D:6      | Reached skill level 5 in Poison Magic
  5459 | D:6      | HP: 1/62 [steam dragon (3)]
  5460 | D:6      | Gained mutation: You have hidden genetic potential. [potion
                  | of mutation]
  5460 | D:6      | Gained mutation: You are agile. (Dex +4, Str/Int -1)
                  | [potion of mutation]
  5460 | D:6      | Gained mutation: Your magical capacity is low. (-10% MP)
                  | [potion of mutation]
  5460 | D:6      | Gained mutation: Your muscles are strong. (Str +4, Int/Dex
                  | -1) [potion of mutation]
  5462 | D:6      | Killed from afar by a steam dragon

Illustrated notes

Levels and vault maps discovered:
D:1:      lightli_arrival_statue_moat, layout_basic
D:2:      layout_basic, hellmonk_ecumenical_altar_pennies_from_heaven,
          serial_glass, glass_columns_b, glass_columns_c, glass_columns_c,
          glass_columns_c, glass_columns_a, glass_columns_a, glass_columns_c,
          glass_columns_c, due_unseen_surprise
D:3:      layout_basic, mainiacjoe_overflow_chevrons
D:4:      layout_cave_pools, lemuel_doored_altar, mainiacjoe_overflow_swirl,
          uniq_menkaure
D:5:      kennysheep_steamy, layout_rooms
D:6:      wad_lake_hut, layout_layer_cave, gammafunk_ghost_arena

Skill      XL: |  1  2  3  4  5  6  7  8 |
---------------+-------------------------+-----
Dodging        | 2 3 |  3.4
Transmutations | 2 |  2.5
Axes           | 1 2 |  2.7
Stealth        | 2 |  2.8
Spellcasting   | 3 4 |  4.2
Air Magic      | 1 2 3 |  3.4
Poison Magic   | 4 5 |  5.1
Fighting       | 1 2 |  2.4
Polearms       | 1 2 3 |  3.0

Action                   |  1- 3 |  4- 6 |  7- 9 || total
-------------------------+-------+-------+-------++-------
Melee: Unarmed           |    11 |       |       ||    11
       Hand axe          |    35 |    61 |       ||    96
       Tailslap          |     3 |     9 |    14 ||    26
       Punch             |     1 |       |     2 ||     3
       Trident           |       |    34 |    82 ||   116
 Cast: Sting             |    17 |     1 |     2 ||    20
       Poisonous Vapours |     4 |    33 |    32 ||    69
 Abil: Breathe Frost     |       |       |     6 ||     6
  Use: Scroll            |       |     5 |     1 ||     6
       Potion            |       |       |     4 ||     4
Armor: Skin              |    23 |    45 |    47 ||   115
Dodge: Dodged            |    32 |    71 |    74 ||   177

Table legend: (Time is in decaauts)
 A = Elapsed time spent in this place.
 B = Non-inter-level travel time spent in this place.
 C = Inter-level travel time spent in this place.
 D = Time resting spent in this place.
 E = Time spent auto-exploring this place.
 F = Levels seen in this place.
 G = Mean time per level.
                   A        B        C        D        E       F      G
               +--------+--------+--------+--------+--------+-----+--------+
         Total |   5508 |   5367 |    141 |    344 |   3852 |   6 |  918.0 |
       Dungeon |   5508 |   5367 |    141 |    344 |   3852 |   6 |  918.0 |
               +--------+--------+--------+--------+--------+-----+--------+

Top non-repeatable levels by time:
     D:3: 1215 daAuts
     D:4: 1059 daAuts
     D:5: 1011 daAuts
     D:1: 972 daAuts
     D:2: 971 daAuts
     D:6: 277 daAuts
